 Dungeon Crawl Stone Soup version 0.30.1-4-g462c640d31 (webtiles) character file.

Game seed: 4988231923998567734

108 ChiefBigBeans the Shooter (level 4, 0/39 HPs)
             Began as a Minotaur Hunter on Sept 14, 2023.
             Killed from afar by Robin (8 damage)
             ... with a puff of flame
             ... on level 3 of the Dungeon.
             The game lasted 00:03:35 (1653 turns).

ChiefBigBeans the Shooter (Minotaur Hunter)         Turns: 1653, Time: 00:03:35

Health: 0/39       AC:  5    Str: 15 (16) XL:     4   Next: 58%
Magic:  3/3        EV: 12    Int:  6      God:
Gold:   76         SH:  0    Dex: 15      Spells: 3/3 levels left

rFire   . . .        a - +0 shortbow
rCold   . . .        (shield currently unavailable)
rNeg    . . .        c - +1 leather armour
rPois   .            (helmet unavailable)
rElec   .            (no cloak)
rCorr   .            (no gloves)
SInv    .            g - +0 pair of boots
Will    .....        (no amulet)
Stlth   +            (no ring)
HPRegen 0.26/turn    (no ring)
MPRegen 0.08/turn

%: no passive effects
@: no status effects
A: horns 3, retaliatory headbutt, deterioration 1
a: no special abilities


You were on level 3 of the Dungeon.
You visited 1 branch of the dungeon, and saw 3 of its levels.

You collected 76 gold pieces.

Inventory:

Hand Weapons
 a - a +0 shortbow (weapon)
Armour
 c - a +1 leather armour (worn)
 g - a +0 pair of boots (worn)
Jewellery
 d - an amulet of faith
 l - a ring of ice
Scrolls
 b - a scroll of immolation
Potions
 e - a potion of heal wounds {unknown}
 o - a potion of curing


   Skills:
 + Level 3.6 Fighting
 + Level 5.0 Ranged Weapons
 + Level 2.3 Armour
 + Level 3.2 Dodging
 - Level 0.7 Stealth


You had 3 spell levels left.
You didn't know any spells.
Your spell library contained the following spells:

 Spells                   Type           Power      Damage    Failure   Level
 Conjure Ball Lightning   Conj/Air       0%         3x3d6     100%        6
 Discord                  Hex            0%         N/A       100%        8
 Disjunction              Tloc           0%         N/A       100%        8


Dungeon Overview and Level Annotations

Branches:
Dungeon (3/15)

Altars:

Annotations:
D:3 Robin


Innate Abilities, Weirdness & Mutations

You have a pair of large horns on your head.
You reflexively headbutt those who attack you in melee.
Your body sometimes deteriorates upon taking damage.


Message History

You are too injured to fight recklessly!
You are too injured to fight recklessly!
You are too injured to fight recklessly!
You are too injured to fight recklessly!
Fire: a) +0 shortbow
Press: ? - help, Q - select action Shift-Dir - straight line, f/p - Robin
Aim: Robin, wielding a +1 mace of holy wrath, wearing a +0 animal skin, wearing a +2 helmet of see invisible and carrying a wand of flame (13) (69% to hit)
You shoot an arrow. The arrow barely misses Robin.
The goblin hits you but does no damage. Robin throws the goblin at you!
Fire: a) +0 shortbow
Press: ? - help, Q - select action Shift-Dir - straight line, f/p - Robin
Aim: Robin, wielding a +1 mace of holy wrath, wearing a +0 animal skin, wearing a +2 helmet of see invisible and carrying a wand of flame (13) (69% to hit)
You shoot an arrow. The arrow hits Robin.
Robin is moderately wounded.
A hobgoblin comes into view.
The goblin hits you with a +0 dagger. The goblin hits you but does no damage.
Robin hits you but does no damage.
Fire: a) +0 shortbow
Press: ? - help, Q - select action Shift-Dir - straight line, f/p - Robin
Aim: Robin, wielding a +1 mace of holy wrath, wearing a +0 animal skin, wearing a +2 helmet of see invisible and carrying a wand of flame (13) (moderately wounded, 69% to hit)
You shoot an arrow.
The arrow hits Robin but does no damage.
Robin is moderately wounded.
The goblin no longer looks unusually strong. x2
A goblin comes into view. It is wielding a +0 club.
The goblin hits you with a +0 dagger. x2
Robin hits you with a +1 mace of holy wrath!
* * * LOW HITPOINT WARNING * * *
Fire: a) +0 shortbow
Press: ? - help, Q - select action Shift-Dir - straight line, f/p - Robin
Aim: Robin, wielding a +1 mace of holy wrath, wearing a +0 animal skin, wearing a +2 helmet of see invisible and carrying a wand of flame (13) (moderately wounded, 69% to hit)
You shoot an arrow. The arrow hits Robin.
Robin is heavily wounded.
The hobgoblin no longer looks unusually strong.
The goblin barely misses you.
A hobgoblin comes into view.
The goblin misses you. Robin hits you but does no damage.
The hobgoblin barely misses you. You furiously retaliate!
You headbutt the hobgoblin.
Robin zaps a wand.
The puff of flame hits you!
You die...

*,##.........##*,*,**,***
*,*...........,,,,,,,,,**
*,*,..<....))***,*,#..**#
*,*,,......g,* *,*,#..* #
***,*,,,.....,,* *,*,*..###
*,,,,***,.gg,,,* *,,,,.....
*,*,**<*##)#########.*#....
*,*,*,,,#gg#.........*#.###
*,***,*,#)@#.##########.###
*,,,*,,,#gg.)..............
*,***,,*#.............##.##
**,**,***####.##.##.##.#...#
*,,,,,**,,,*#....#...#......
*,*,*,,,,*,>#..#...§.......#
*,*,,,**,,,*#....#..§#.##.##
*,**,,******###..##§§###....
*,**,*+,**,* #...§..§###..#


You could see Robin, 2 hobgoblins and 3 goblins.

Vanquished Creatures
  An orc priest (D:3)
  3 adders
  2 dart slugs
  3 orcs (D:3)
  3 bats
  4 endoplasms
  3 giant cockroaches
  6 goblins
  4 hobgoblins
  A quokka (D:1)
  3 ball pythons (D:1)
  4 frilled lizards
  5 kobolds
  A rat (D:1)
43 creatures vanquished.

Notes
Turn   | Place    | Note
-------+----------+-------------------------------------------
     0 | D:1      | ChiefBigBeans the Minotaur Hunter began the quest for the
                  | Orb.
     0 | D:1      | Reached XP level 1. HP: 18/18 MP: 0/0
    94 | D:1      | Reached XP level 2. HP: 25/25 MP: 1/1
   196 | D:1      | Reached skill level 1 in Armour
   633 | D:1      | You fall into a shaft and drop 1 floor!
   905 | D:2      | Reached XP level 3. HP: 29/31 MP: 2/2
  1264 | D:2      | Identified the +0 robe of Limitation {Harm Dex+3 Slay-4}
  1477 | D:3      | Reached skill level 5 in Ranged Weapons
  1477 | D:3      | Reached XP level 4. HP: 5/38 MP: 3/3
  1478 | D:3      | Gained mutation: Your body sometimes deteriorates upon
                  | taking damage. [potion of mutation]
  1478 | D:3      | Gained mutation: You have a pair of large horns on your
                  | head. [potion of mutation]
  1639 | D:3      | Noticed Robin
  1653 | D:3      | Killed from afar by Robin

Illustrated notes

Levels and vault maps discovered:
D:1:      eino_arrival_water_cross, layout_basic
D:2:      layout_loops_ring
D:3:      layout_loops_ring, gammafunk_ghost_arena, chequers_garden,
          dreamdust_wishing_well, hangedman_decor_clover_reticule,
          grunt_ministairs_4, uniq_sigmund, uniq_robin, uniq_grinder,
          uniq_jessica

Skill      XL: |  1  2  3 |
---------------+----------+-----
Armour         | 1 2 |  2.3
Fighting       | 3 |  3.6
Ranged Weapons | 5 |  5.0
Dodging        | 3 |  3.2
Stealth        | |  0.7

Action                     |  1- 3 |  4- 6 || total
---------------------------+-------+-------++-------
   Fire: Shortbow          |    66 |    17 ||    83
    Use: Scroll            |       |     7 ||     7
         Potion            |       |     3 ||     3
 Armour: Leather armour    |     4 |     6 ||    10
  Dodge: Dodged            |     7 |    11 ||    18
